AoeStats
← Lucasp103342

Arena

509778971Analyzed
2v2 RM · 5d ago on Sep 28, 2026· 122m 30s· 4 players
Game mode
Random Map
Map size
Medium (4 player)
Population
200
Speed
Normal
Resources
Standard
Victory
Conquest
Starting age
Dark Age
Ending age
Imperial Age
RankedLock teamsTeams togetherTeam positionsShared explorationLock speedFull tech treeHidden civsTurbo modeCheats
Victory
Defeat
🇬🇧 Mongols · United Kingdom
844
+18
🇮🇳 Turks · India
839
+19
🇦🇷 Georgians · Argentina
907
-19
🇦🇷 Saracens · Argentina
887
-18
paceylemon
3:55 Loom
12:24 Feudal Age
13:45 Double-Bit Axe
15:30 Horse Collar
20:08 Castle Age
23:05 Heavy Plow
23:18 Bow Saw
24:22 Fletching
27:23 Bodkin Arrow
27:30 Gold Mining
28:58 Padded Archer Armor
29:13 Bloodlines
29:03 Husbandry
30:58 Ballistics
30:52 Masonry
31:20 Leather Archer Armor
31:49 Wheelbarrow
31:00 Town Watch
31:54 Wheelbarrow
32:59 Thumb Ring
38:19 Imperial Age
39:05 Bracer
40:20 Chemistry
41:25 Hand Cart
41:13 Town Patrol
41:10 Elite Mangudai
48:15 Hoardings
48:01 Conscription
48:28 Scale Barding Armor
48:54 Parthian Tactics
56:32 Murder Holes
57:29 Hoardings
60:49 Hoardings
59:46 Light Cavalry
60:51 Chain Barding Armor
60:42 Forging
60:41 Hussar
63:04 Iron Casting
67:30 Blast Furnace
67:41 Elite Skirmisher
VCBlade
6:39 Loom
11:02 Feudal Age
11:28 Double-Bit Axe
11:43 Horse Collar
12:46 Wheelbarrow
17:02 Gold Mining
17:03 Stone Mining
21:05 Castle Age
22:02 Bow Saw
21:59 Heavy Plow
25:03 Gold Shaft Mining
26:30 Hand Cart
27:37 Fervor
30:53 Town Watch
31:28 Bloodlines
31:19 Husbandry
31:38 Scale Barding Armor
31:33 Scale Mail Armor
31:43 Forging
31:24 Fletching
32:24 Town Patrol
36:57 Iron Casting
36:37 Chain Mail Armor
36:42 Chain Barding Armor
36:13 Fletching
36:23 Padded Archer Armor
37:18 Ballistics
36:54 Murder Holes
37:10 Masonry
40:39 Imperial Age
41:07 Arrowslits
41:53 Architecture
41:25 Bodkin Arrow
41:46 Leather Archer Armor
41:18 Capped Ram
44:23 Elite Janissary
45:24 Conscription
45:06 Artillery
45:46 Hoardings
46:02 Fortified Wall
54:56 Guilds
55:17 Coinage
54:47 Caravan
56:01 Siege Ram
62:23 Bracer
62:53 Ring Archer Armor
63:24 Blast Furnace
62:54 Plate Mail Armor
63:00 Plate Barding Armor
62:47 Squires
62:33 Arson
67:51 Banking
74:32 Sappers
104:43 Two-Man Saw
Lucasp103342
11:31 Feudal Age
17:33 Castle Age
16:15 Double-Bit Axe
16:26 Gold Mining
16:20 Horse Collar
17:52 Fletching
24:06 Stone Mining
28:16 Forging
33:00 Svan Towers
34:33 Wheelbarrow
33:48 Loom
34:49 Iron Casting
34:56 Heavy Plow
39:14 Imperial Age
36:58 Scale Barding Armor
38:30 Hand Cart
38:01 Town Watch
39:38 Redemption
39:54 Chain Barding Armor
39:31 Bodkin Arrow
41:58 Chemistry
41:19 Ballistics
42:17 Theocracy
44:39 Aznauri Cavalry
48:54 Light Cavalry
49:47 Bloodlines
51:34 Plate Barding Armor
52:01 Blast Furnace
51:26 Bow Saw
51:20 Town Patrol
50:44 Elite Monaspa
50:53 Hussar
69:04 Capped Ram
71:31 Bracer
75:41 Crop Rotation
75:20 Husbandry
122:40 Husbandry
Hungry neiga
9:49 Loom
13:00 Feudal Age
17:25 Castle Age
16:42 Double-Bit Axe
17:43 Horse Collar
24:18 Wheelbarrow
23:35 Gold Mining
23:47 Heavy Plow
23:58 Bow Saw
26:17 Gold Shaft Mining
26:13 Husbandry
27:51 Hand Cart
28:22 Bloodlines
32:21 Forging
32:12 Scale Mail Armor
32:19 Scale Barding Armor
32:51 Stone Mining
32:49 Town Watch
34:16 Chain Mail Armor
34:37 Iron Casting
37:25 Imperial Age
39:55 Elite Skirmisher
40:44 Thumb Ring
41:34 Conscription
42:42 Two-Man Saw
42:48 Blast Furnace
42:18 Plate Mail Armor
42:34 Elite Mameluke
45:32 Padded Archer Armor
45:24 Fletching
45:57 Chain Barding Armor
53:46 Bodkin Arrow
54:10 Leather Archer Armor
54:34 Plate Barding Armor
54:47 Caravan
58:05 Chemistry
57:26 Ballistics
64:28 Bracer
64:58 Ring Archer Armor
65:28 Heavy Camel Rider
67:16 Counterweights
77:13 Town Patrol
81:07 Light Cavalry
82:35 Hussar
99:00 Pikeman
99:43 Squires
100:13 Gambesons
Connection lost

Rejoining the realm…

Still unreachable

The connection could not be restored.

Session expired

The server has moved on; the page needs a fresh start.